 Dungeon Crawl Stone Soup version 0.32-a0-17-gb74e046682 (webtiles) character file.

Game seed: 9713219460453963612

260 gelatine the Shooter (level 5, -8/40 HPs)
             Began as a Demonspawn Hunter on Jan 16, 2024.
             Blown up by Ijyb (15 damage)
             ... with a mindburst bolt
             ... on level 3 of the Dungeon.
             The game lasted 00:04:29 (2199 turns).

gelatine the Shooter (Demonspawn Hunter)            Turns: 2199, Time: 00:04:30

Health: -8/40      AC:  8    Str: 12    XL:     5   Next: 95%
Magic:  5/5        EV: 11    Int:  9    God:
Gold:   168        SH:  0    Dex: 18    Spells: 4/4 levels left

rFire   + . .        a - +0 shortbow
rCold   . . .        (shield currently unavailable)
rNeg    . . .        l - +1 ring mail {rF+}
rPois   .            (no helmet)
rElec   .            (no cloak)
rCorr   +            (no gloves)
SInv    .            (no boots)
Will    .....        i - amulet of the acrobat
Stlth   ++           e - ring of resist corrosion
HPRegen 0.26/turn    (no ring)
MPRegen 0.09/turn

%: acrobat
@: no status effects
A: icy blue scales 1, foul stench 1
a: no special abilities


You were on level 3 of the Dungeon.
You visited 1 branch of the dungeon, and saw 3 of its levels.

You collected 168 gold pieces.

Inventory:

Hand Weapons
 a - a +0 shortbow (weapon)
Armour
 c - a +0 leather armour
 l - a +1 ring mail of fire resistance (worn)
 m - the +0 chain mail "Maloask" {rF+ Stlth+}
   (You found it on level 3 of the Dungeon)

   rF+:       It protects you from fire.
   Stlth+:    It makes you more stealthy.
Jewellery
 e - a ring of resist corrosion (left hand)
 i - an amulet of the acrobat (around neck)
Scrolls
 b - a scroll of butterflies
 f - 2 scrolls of identify {unknown}
 h - a scroll of immolation {unknown}
 j - 2 scrolls of poison {unknown}
 o - a scroll of enchant weapon {unknown}
Potions
 d - 2 potions of mutation {unknown}
 g - a potion of might {unknown}
 k - a potion of enlightenment {unknown}
 n - 2 potions of cancellation {unknown}


   Skills:
 * Level 2.9 Fighting
 * Level 5.5 Ranged Weapons
 * Level 1.1 Armour
 * Level 2.3 Dodging
 * Level 2.0 Stealth


You had 4 spell levels left.
You didn't know any spells.
Your spell library contained the following spells:

 Spells                   Type           Power      Damage    Failure   Level
 Cigotuvi's Dreadful Rot  Necr/Alch/Air  0%         N/A       80%         2
 Lesser Beckoning         Tloc           0%         N/A       80%         2
 Dazzling Flash           Conj/Hex       0%         N/A       95%         3
 Gell's Gravitas          Tloc           0%         N/A       95%         3
 Mephitic Cloud           Conj/Alch/Air  0%         N/A       95%         3
 Teleport Other           Tloc           0%         N/A       95%         3
 Ignite Poison            Fire/Alch      0%         N/A       100%        4
 Curse of Agony           Necr           0%         N/A       100%        5
 Freezing Cloud           Conj/Ice/Air   0%         6-21      100%        5
 Silence                  Hex/Air        0%         N/A       100%        5


Dungeon Overview and Level Annotations

Branches:
Dungeon (3/15)

Altars:

Shops:
D:1 =   D:2 [

Annotations:
D:3 Ijyb


Innate Abilities, Weirdness & Mutations

You are partially covered in icy blue scales. (AC +2)
You may rarely emit foul miasma when damaged in melee.


Message History

You shoot an arrow. The arrow hits the adder.
The adder is severely wounded.
The adder barely misses you. The adder bites you but does no damage.
You shoot an arrow. The arrow misses the adder.
The adder bites you but does no damage. The adder bites you.
You emit a cloud of foul miasma!
You shoot an arrow. The arrow closely misses the adder.
The adder is engulfed in dark miasma.
The adder is poisoned.
The adder closely misses you.
You shoot an arrow. The arrow closely misses the adder.
The adder is engulfed in dark miasma.
The adder looks even sicker.
The adder seems to slow down.
You kill the adder!
You see here an adder corpse.
Found 4 stones.
No target in view!
j - 2 scrolls labelled ERUSAGRAECZI (gained 1) Ijyb the Twisted Goblin comes into view.
She is wielding a +0 club and carrying a wand of mindburst.
You shoot an arrow. The arrow hits Ijyb.
Ijyb shouts!
Ijyb is lightly wounded.
Ijyb zaps a wand.
Your mind is blasted!
You shoot an arrow. The arrow hits Ijyb but does no damage.
Ijyb is lightly wounded.
You shoot an arrow. The arrow hits Ijyb.
Ijyb is lightly wounded.
You shoot an arrow. The arrow barely misses Ijyb.
Ijyb screams, "Level is mine!
All mine!"
You shoot an arrow. The arrow hits Ijyb.
Ijyb is moderately wounded.
Ijyb zaps a wand.
Your mind is blasted!
Ijyb zaps a wand.
Your mind is blasted!
* * * LOW HITPOINT WARNING * * *
You are too injured to fight recklessly!
You are too injured to fight recklessly!
Fire: a) +0 shortbow
Press: ? - help, Q - select action Shift-Dir - straight line, f/p - Ijyb
Aim: Ijyb, wielding a +0 club, wearing a +0 leather armour and carrying a wand of mindburst (moderately wounded, 58% to hit)
You shoot an arrow. The arrow barely misses Ijyb.
Ijyb zaps a wand.
Your mind is blasted!
You die...

#..
#...#
#..
#...#
...
#...#
...
#...# .#
##g..#..
#....#.#
#....#.#
#.@.(#.#
#.##.#.#
#.##.#.#
#.##.#.#
#.##.#.#
#.##.#.#
#......#
####.###
#.#
#####


You could see Ijyb.

Vanquished Creatures
  A gnoll sergeant (D:3)
  An orc priest (D:3)
  Terence (D:3)
  4 gnolls (D:3)
  3 adders
  A dart slug (D:2)
  4 orcs (D:3)
  2 ball pythons
  6 endoplasms
  3 giant cockroaches
  22 goblins
  8 hobgoblins
  4 kobolds
  A quokka (D:2)
  6 bats
  2 frilled lizards
  5 rats
74 creatures vanquished.

Notes
Turn   | Place    | Note
-------+----------+-------------------------------------------
     0 | D:1      | gelatine the Demonspawn Hunter began the quest for the Orb.
     0 | D:1      | Reached XP level 1. HP: 16/16 MP: 1/1
    23 | D:1      | Reached skill level 1 in Stealth
   146 | D:1      | Found Helij's Jewellery Shop.
   189 | D:1      | Gained mutation: You may rarely emit foul miasma when
                  | damaged in melee. [demonic ancestry]
   189 | D:1      | Reached XP level 2. HP: 22/22 MP: 2/2
   241 | D:1      | Reached skill level 4 in Ranged Weapons
   370 | D:1      | Found a faded altar of an unknown god.
   956 | D:2      | Gained mutation: You are partially covered in icy blue
                  | scales. (AC +2) [demonic ancestry]
   956 | D:2      | Reached XP level 3. HP: 16/27 MP: 3/3
  1250 | D:2      | Found Roruceon's Armour Boutique.
  1408 | D:2      | Reached XP level 4. HP: 34/34 MP: 4/4
  1537 | D:3      | Noticed Terence
  1548 | D:3      | Killed Terence
  1750 | D:3      | Identified the +0 chain mail "Maloask" {rF+ Stlth+}
  1837 | D:3      | Reached skill level 5 in Ranged Weapons
  1844 | D:3      | Reached XP level 5. HP: 38/39 MP: 5/5
  1868 | D:3      | Reached skill level 1 in Armour
  2193 | D:3      | Noticed Ijyb
  2199 | D:3      | Blown up by Ijyb

Illustrated notes

Levels and vault maps discovered:
D:1:      dpeg_arrival_long_road, layout_loops_ring, serial_aquarium,
          aquarium_bridge_square [aquarium_subvault_window,
          aquarium_subvault_wall, aquarium_subvault_bridge,
          aquarium_subvault_bridge], aquarium_window_1, aquarium_window_fake,
          aquarium_window_fake, aquarium_view_2f, aquarium_view_2e,
          ebering_ecumenical_altar_rust, serial_shops, shop
D:2:      cheibrodos_greedy_goblins, layout_basic, serial_shops, shop
D:3:      kennysheep_the_goblin_king, layout_basic, uniq_terence, uniq_ijyb

Skill      XL: |  1  2  3  4  5 |
---------------+----------------+-----
Stealth        | 1 2 |  2.0
Ranged Weapons | 4 5 |  5.5
Dodging        | 2 |  2.3
Armour         | 1 |  1.1
Fighting       | |  2.9

Action                     |  1- 3 |  4- 6 || total
---------------------------+-------+-------++-------
   Fire: Shortbow          |   107 |   110 ||   217
 Armour: Leather armour    |    17 |     7 ||    24
         Ring mail         |       |    28 ||    28
  Dodge: Dodged            |    26 |    35 ||    61

Table legend: (Time is in decaauts)
 A = Elapsed time spent in this place.
 B = Non-inter-level travel time spent in this place.
 C = Inter-level travel time spent in this place.
 D = Time resting spent in this place.
 E = Time spent auto-exploring this place.
 F = Levels seen in this place.
 G = Mean time per level.
                   A        B        C        D        E       F      G
               +--------+--------+--------+--------+--------+-----+--------+
         Total |   2250 |   2194 |     56 |      0 |   1788 |   3 |  750.0 |
       Dungeon |   2250 |   2194 |     56 |      0 |   1788 |   3 |  750.0 |
               +--------+--------+--------+--------+--------+-----+--------+

Top non-repeatable levels by time:
     D:1: 841 daAuts
     D:3: 716 daAuts
     D:2: 692 daAuts
